 Dungeon Crawl Stone Soup version 0.26-a0-30-g56b8cd3df0 (webtiles) character file.

Game seed: 12266394980454530246, levelgen mode: deterministic

354 Lanoc the Skirmisher (level 6, 0/38 HPs)
             Began as a Kobold Abyssal Knight on May 29, 2020.
             Was a Priest of Lugonu.
             Slain by a gnoll (7 damage)
             ... on level 3 of the Dungeon.
             The game lasted 00:05:36 (2943 turns).

Lanoc the Skirmisher (Kobold Abyssal Knight)        Turns: 2943, Time: 00:05:37

Health: 0/38       AC:  4    Str:  9    XL:     6   Next: 94%
Magic:  8/8        EV: 15    Int: 14    God:    Lugonu [***...]
Gold:   173        SH:  5    Dex: 16    Spells: 5/5 levels left

rFire    + . .     SeeInvis .   a - +1 spear
rCold    . . .     Gourm    .   n - +0 buckler
rNeg     . . .     Faith    .   b - +0 leather armour
rPois    .         Spirit   .   i - +0 helmet
rElec    .         Reflect  .   (no cloak)
rCorr    .         Harm     .   (no gloves)
MR       .....                  (no boots)
Stlth    +.........             (no amulet)
HPRegen  0.12/turn              m - ring of protection from fire
MPRegen  0.11/turn              (no ring)

@: no status effects
A: small, carnivore
a: Depart the Abyss, Bend Space, Banish, Renounce Religion


You were on level 3 of the Dungeon.
You worshipped Lugonu.
Lugonu was most pleased with you.
You were completely stuffed.

You visited 1 branch of the dungeon, and saw 3 of its levels.
You visited the Abyss 1 time.

You collected 173 gold pieces.

Inventory:

Hand Weapons
 a - a +1 spear (weapon)
 o - a +0 hunting sling
Missiles
 e - 14 poisoned darts
 h - 5 curare-tipped darts (quivered)
 p - 96 stones
Armour
 b - a +0 leather armour (worn)
 i - a +0 helmet (worn)
 n - a +0 buckler (worn)
Jewellery
 m - a ring of protection from fire (left hand)
Wands
 t - a wand of paralysis (9)
Scrolls
 d - 3 scrolls of identify {unknown}
 k - 2 scrolls of fog {unknown}
 l - 2 scrolls of teleportation {unknown}
 q - a scroll of amnesia {unknown}
 r - a scroll of enchant weapon {unknown}
Potions
 f - a potion of lignification {unknown}
 g - 2 potions of curing
 s - a potion of resistance
 u - 2 potions of stabbing {unknown}
Comestibles
 c - 4 rations


   Skills:
 + Level 4.2 Fighting
 * Level 3.1 Polearms
 + Level 1.9 Armour
 + Level 3.8 Dodging
 + Level 1.2 Shields
 * Level 3.8 Invocations


You had 5 spell levels left.
You didn't know any spells.
Your spell library was empty.

Dungeon Overview and Level Annotations

Branches:
Dungeon (3/15)

Altars:
Gozag
Xom
The Shining One


Innate Abilities, Weirdness & Mutations

You are small and have problems with some larger weapons.
You are carnivorous and can eat meat at any time.


Message History

You feel sick.
You hit the gnoll but do no damage.
The gnoll is heavily wounded.
The gnoll hits you.
You barely miss the gnoll.
The gnoll is heavily wounded.
The gnoll misses you.
You closely miss the gnoll.
The gnoll is heavily wounded.
You block the gnoll's attack.
You barely miss the gnoll.
The gnoll is heavily wounded.
You feel sick.
You are no longer poisoned.
The gnoll hits you.
* * * LOW HITPOINT WARNING * * *
You hit the gnoll.
The gnoll is almost dead.
The gnoll hits you!
You die...

#### #......#.#)##....# ...#
#......#)#.)#....# ...#
#......#.##.#....# ...#
#......#.##..)...# ...#
#......#.###.....# ...#
#........# #.....# ...#
#####[...# ##.######
...#####.......####.#....##.
................@g..........
##.........#+######.#....##.
#........<...#.............
#.........#..#.###..######.
#.........#..#.# ......
#.........#..#.# ......#
#..............#.......#
#..............#####+###
#.............##


You could see a gnoll.

Vanquished Creatures
  Sigmund (D:2)
  An orc priest (D:2)
  An orc wizard (D:2)
  2 gnolls (D:3)
  3 adders
  An ooze (D:2)
  A worm (D:2)
  3 dart slugs
  4 orcs
  2 ball pythons (D:1)
  5 giant cockroaches
  12 goblins
  9 hobgoblins
  4 jackals
  2 quokkas (D:2)
  5 bats
  8 frilled lizards
  5 kobolds
  11 rats
80 creatures vanquished.

Notes
Turn   | Place    | Note
-------+----------+-------------------------------------------
     0 | Abyss:1  | Lanoc the Kobold Abyssal Knight began the quest for the
                  | Orb.
     0 | Abyss:1  | Reached XP level 1. HP: 14/14 MP: 2/2
     9 | D:1      | Escaped the Abyss
   132 | D:1      | Reached XP level 2. HP: 19/19 MP: 3/3
   168 | D:1      | Reached skill level 1 in Armour
   518 | D:1      | Reached XP level 3. HP: 20/23 MP: 4/4
   629 | D:1      | Reached ** piety under Lugonu
  1027 | D:2      | Reached XP level 4. HP: 23/28 MP: 5/5
  1286 | D:2      | Found a faded altar of an unknown god.
  1648 | D:2      | Noticed Sigmund
  2167 | D:2      | Reached XP level 5. HP: 30/33 MP: 7/7
  2395 | D:2      | Killed Sigmund
  2395 | D:2      | Reached skill level 4 in Fighting
  2395 | D:2      | Reached skill level 1 in Shields
  2395 | D:2      | Reached XP level 6. HP: 37/38 MP: 8/8
  2581 | D:3      | Found a glowing golden altar of the Shining One.
  2649 | D:3      | Found a shimmering altar of Xom.
  2691 | D:3      | Reached *** piety under Lugonu
  2860 | D:3      | Found an opulent altar of Gozag.
  2943 | D:3      | Slain by a gnoll

Illustrated notes

Levels and vault maps discovered:
D:1:      sevenhm_arrival_forest_fort_large_4, layout_loops_ring
D:2:      cheibrodos_pilgrimage, layout_loops_ring, first_ration,
          chequers_ecumenical_altar_grove, uniq_sigmund
D:3:      layout_basic, lemuel_crystal_altar, lemuel_crystal_altar,
          old_standard_altar, brannock_xom_greatest_gift, uniq_robin

Skill      XL: |  1  2  3  4  5 |
---------------+----------------+-----
Armour         | 1 |  1.9
Polearms       | 2 3 |  3.1
Dodging        | 3 |  3.8
Invocations    | 3 |  3.8
Fighting       | 4 |  4.2
Shields        | 1 |  1.2

Action                   |  1- 3 |  4- 6 || total
-------------------------+-------+-------++-------
Melee: Spear             |   152 |   208 ||   360
Throw: Dart              |       |    30 ||    30
  Use: Potion            |       |     4 ||     4
 Stab: Sleeping          |     3 |       ||     3
  Eat: Chunk             |     9 |     6 ||    15
Armor: Leather armour    |    35 |    32 ||    67
Dodge: Dodged            |    81 |   114 ||   195
Block: Buckler           |     3 |    32 ||    35

Table legend:
 A = Non-vault XP
 B = Vault XP
 C = Vault XP percentage of total XP
 D = Non-vault monster count
 E = Vault monster count
 F = Vault count percentage of total count
                 A         B        C        D         E       F
            +---------+---------+-------+---------+---------+-------
      Total |     178 |     328 |  64.8 |      65 |      15 |  18.8
            +---------+---------+-------+---------+---------+-------
        D:1 |      52 |       0 |   0.0 |      31 |       0 |   0.0
        D:2 |      77 |     310 |  80.1 |      27 |       6 |  18.2
        D:3 |      49 |      18 |  26.9 |       7 |       9 |  56.2
            +---------+---------+-------+---------+---------+-------
